 Dungeon Crawl Stone Soup version 0.29.1 (webtiles) character file.

Game seed: 1780941071437936809

367858 Isauros the Crack Shot (level 21, -12/194 HPs)
             Began as a Minotaur Hunter on Sept 14, 2022.
             Was the Champion of the Shining One.
             Shot with a bolt by a +2 hand crossbow of venom (16 damage)
             ... in a wizard's laboratory.
             The game lasted 02:43:56 (49755 turns).

Isauros the Crack Shot (Minotaur Hunter)           Turns: 49755, Time: 02:43:56

Health: -12/194    AC: 27    Str: 16    XL:     21   Next: 63%
Magic:  31/31      EV: 29    Int:  8    God:    the Shining One [******]
Gold:   1066       SH:  0    Dex: 39    Spells: 20/20 levels left

rFire   + + .      SeeInvis +   u - +1 hand crossbow (freeze)
rCold   x . .      Faith    +   (no shield)
rNeg    + + +      Spirit   .   Q - +2 fire dragon scales
rPois   +          Reflect  .   G - +2 hat
rElec   .          Harm     .   S - +1 cloak {Stlth+}
rCorr   +          Rampage  .   C - +1 pair of gloves {Dex+3}
Will    ++...                   M - +2 pair of boots {Fly}
Stlth   +++.......              U - amulet of Nire {Faith rN++}
HPRegen 0.42/turn               N - ring "Osaecam" {*Slow Int+2 Dex+5 Slay+4 SInv}
MPRegen 0.22/turn               V - ring "Ogga" {Contam rPois Will+ rCorr Dex+6}

@: about to teleport, flying, glowing, studying Stealth
A: horns 2, retaliatory headbutt
}: 2/15 runes: barnacled, gossamer
a: Renounce Religion, Divine Shield, Cleansing Flame, Summon Divine Warrior,
Brand Weapon With Holy Wrath


You were in a wizard's laboratory.
You worshipped the Shining One.
The Shining One was exalted by your worship.
You visited 9 branches of the dungeon, and saw 39 of its levels.
You also visited: Ice Cave, Volcano, Wizlab and Desolation.

You collected 5615 gold pieces.
You spent 4549 gold pieces at shops.

Inventory:

Hand Weapons
 a - the +11 longbow of Utwannus {speed, Contam rPois Int+4 Dex+4}
   (You found it on level 7 of the Dungeon)

   Attacks with this weapon are significantly faster.
   Int:       It affects your intelligence (+4).
   Dex:       It affects your dexterity (+4).
   rPois:     It protects you from poison.
   Contam:    It causes magical contamination when unequipped.
 u - a +1 hand crossbow of freezing (weapon)
Missiles
 T - 6 throwing nets
Armour
 c - +0 ice dragon scales
 k - a +2 crystal plate armour
 q - the -2 hat of a Million Shrikes {Will++}
   (You found it on level 4 of the Spider Nest)

   Will:      It greatly increases your willpower.
 z - the +4 skin of Zhor {*Englaciate rC+++ SInv}
   (You found it on level 1 of the Lair of Beasts)

   It radiates cold, occasionally slowing all nearby creatures who are not
   resistant to cold.
   rC:        It renders you almost immune to cold.
   SInv:      It lets you see invisible.
 C - a +1 pair of gloves of dexterity (worn)
 G - a +2 hat (worn)
 M - a +2 pair of boots of flying (worn)
 Q - +2 fire dragon scales (worn)
 S - a +1 cloak of stealth (worn)
 W - a +0 pair of gloves of strength
 Y - +0 gold dragon scales
Jewellery
 s - a ring of poison resistance
 x - a ring of wizardry
 y - a ring of see invisible
 I - a ring of flight
 K - the ring "Vadghaa" {rC+ Dex+3}
   (You found it in the Desolation of Salt)

   [ring of protection from cold]

   Dex:       It affects your dexterity (+3).
   rC:        It protects you from cold.
 N - the ring "Osaecam" (left hand) {*Slow Int+2 Dex+5 Slay+4 SInv}
   (You found it in the Desolation of Salt)

   [ring of slaying]

   Int:       It affects your intelligence (+2).
   Dex:       It affects your dexterity (+5).
   Slay:      It affects your accuracy & damage with ranged weapons and melee
   (+4).
   SInv:      It lets you see invisible.
   *Slow:     It may slow you when you take damage.
 U - the amulet of Nire (around neck) {Faith rN++}
   (You bought it in a shop on level 1 of the Elven Halls)

   [amulet of faith]

   It allows you to gain divine favour quickly.
   rN:        It greatly protects you from negative energy.
 V - the ring "Ogga" (right hand) {Contam rPois Will+ rCorr Dex+6}
   (You found it on level 5 of the Lair of Beasts)

   [ring of willpower]

   Dex:       It affects your dexterity (+6).
   rPois:     It protects you from poison.
   Contam:    It causes magical contamination when unequipped.
   rCorr:     It protects you from acid and corrosion.
   Will:      It increases your willpower.
 X - a +6 ring of intelligence
Wands
 v - a wand of quicksilver (4)
 P - a wand of digging (15)
Scrolls
 b - 3 scrolls of immolation
 d - 3 scrolls of silence
 g - 3 scrolls of poison
 h - 5 scrolls of enchant weapon
 m - 7 scrolls of fog
 n - 9 scrolls of teleportation
 o - 4 scrolls of enchant armour
 p - 8 scrolls of noise
 t - 7 scrolls of amnesia
 w - 3 scrolls of brand weapon
 D - 7 scrolls of fear
 E - 2 scrolls of magic mapping
 H - a scroll of blinking
 J - 6 scrolls of identify
Potions
 e - 8 potions of resistance
 f - 22 potions of curing
 j - a potion of cancellation
 l - 10 potions of flight
 r - 8 potions of mutation
 A - 4 potions of lignification
 B - a potion of brilliance
 F - 4 potions of might
 L - 12 potions of ambrosia
 O - 15 potions of haste
 R - 11 potions of attraction


   Skills:
 + Level 18.0 Fighting
 + Level 26.3 Ranged Weapons
 + Level 17.9 Armour
 + Level 16.7 Dodging
 + Level 14.2 Stealth
 + Level 15.4 Invocations


You had 20 spell levels left.
You didn't know any spells.
Your spell library contained the following spells:

 Spells                   Type           Power      Damage    Failure   Level
 Foxfire                  Conj/Fire      0%         2x1d4     75%         1
 Shock                    Conj/Air       0%         1d3       75%         1
 Summon Small Mammal      Summ           0%         N/A       75%         1
 Blink                    Tloc           0%         N/A       87%         2
 Ensorcelled Hibernation  Hex/Ice        0%         N/A       87%         2
 Passwall                 Tmut/Erth      0%         N/A       87%         2
 Poisonous Vapours        Pois/Air       0%         N/A       87%         2
 Static Discharge         Conj/Air       0%         3-3/arc   87%         2
 Sublimation of Blood     Necr           0%         N/A       87%         2
 Call Canine Familiar     Summ           0%         N/A       98%         3
 Dazzling Flash           Conj/Hex       0%         N/A       98%         3
 Gell's Gravitas          Tloc           0%         N/A       98%         3
 Ignite Poison            Fire/Tmut/Pois 0%         N/A       98%         3
 Lesser Beckoning         Tloc           0%         N/A       98%         3
 Ozocubu's Armour         Ice            0%         N/A       98%         3
 Portal Projectile        Hex/Tloc       0%         N/A       98%         3
 Summon Guardian Golem    Hex/Summ       0%         N/A       98%         3
 Swiftness                Air            0%         N/A       98%         3
 Teleport Other           Tloc           0%         N/A       98%         3
 Tukima's Dance           Hex            0%         N/A       98%         3
 Airstrike                Air            0%         2d(0-16)  100%        4
 Cause Fear               Hex            0%         N/A       100%        4
 Dispel Undead            Necr           0%         3d6       100%        4
 Iskenderun's Mystic Bla  Conj/Tloc      0%         2d3       100%        4
 Leda's Liquefaction      Hex/Erth       0%         N/A       100%        4
 Passage of Golubria      Tloc           0%         N/A       100%        4
 Petrify                  Tmut/Erth      0%         N/A       100%        4
 Sticky Flame             Conj/Fire      0%         2d3       100%        4
 Summon Ice Beast         Ice/Summ       0%         N/A       100%        4
 Summon Lightning Spire   Summ/Air       0%         N/A       100%        4
 Alistair's Intoxication  Tmut/Pois      0%         N/A       100%        5
 Blade Hands              Tmut           0%         N/A       100%        5
 Borgnjor's Vile Clutch   Necr/Erth      0%         N/A       100%        5
 Fireball                 Conj/Fire      0%         3d3       100%        5
 Freezing Cloud           Conj/Ice/Air   0%         6-21      100%        5
 Irradiate                Conj/Tmut      0%         3d11      100%        5
 Iskenderun's Battlesphe  Conj           0%         2d6       100%        5
 Lee's Rapid Deconstruct  Erth           0%         3d5*      100%        5
 Manifold Assault         Tloc           0%         N/A       100%        5
 Summon Forest            Summ/Tloc      0%         N/A       100%        5
 Yara's Violent Unravell  Hex/Tmut       0%         3d3       100%        5
 Conjure Ball Lightning   Conj/Air       0%         3x3d6     100%        6
 Dispersal                Tloc           0%         N/A       100%        6
 Eringya's Noxious Bog    Tmut/Pois      0%         N/A       100%        6
 Simulacrum               Ice/Necr       0%         N/A       100%        6
 Starburst                Conj/Fire      0%         6d3       100%        6
 Statue Form              Tmut/Erth      0%         N/A       100%        6
 Dragon Form              Tmut           0%         N/A       100%        7
 Orb of Destruction       Conj           0%         9d5       100%        7
 Ozocubu's Refrigeration  Ice            0%         4d7       100%        7
 Storm Form               Tmut/Air       0%         N/A       100%        7
 Disjunction              Tloc           0%         N/A       100%        8
 Ignition                 Fire           0%         3d3       100%        8
 Chain Lightning          Conj/Air       0%         N/A       100%        9
 Dragon's Call            Summ           0%         N/A       100%        9
 Fire Storm               Conj/Fire      0%         5d1       100%        9
 Polar Vortex             Ice            0%         N/A       100%        9
 Shatter                  Erth           0%         3d5*      100%        9


Dungeon Overview and Level Annotations

Branches:
Dungeon (15/15)            Temple (1/1) D:5            Lair (5/5) D:9
 Shoals (4/4) Lair:2       Spider (4/4) Lair:2        Slime (0/5) Lair:5
    Orc (2/2) D:10            Elf (2/3) Orc:2        Vaults (4/5) D:14
  Crypt (0/3) Vaults:3     Depths (2/4) D:15          IceCv (visited)
Volcano (visited)          WizLab (1/1)             Desolation (visited)

Altars:
Ashenzari
Cheibriados
Dithmenos
Elyvilon
Fedhas
Gozag
Hepliaklqana
Kikubaaqudgha
Makhleb
Nemelex Xobeh
Okawaru
Qazlal
Ru
Sif Muna
Trog
Uskayaw
Vehumet
Wu Jian
Xom
Yredelemnul
Zin
The Shining One
Jiyva

Shops:
D:4 =   D:5 (   D:7 =([(   D:8 *   D:12 *   Orc:2 [(=*=   Elf:1 *(=!(
Shoals:4 *   Vaults:2 [(*[   Vaults:3 [   Vaults:4 !

Portals:
Hell: Depths:1
Trove: Vaults:1 (give ring of the Hare)

Annotations:
Elf:1 6 runed translucent doors


Innate Abilities, Weirdness & Mutations

You have a pair of horns on your head.
You reflexively headbutt those who attack you in melee.


Message History

Something smites you! The living spell casts itself at you.
Something smites you! The living spell casts itself at you.
Something smites you!
* * * LOW HITPOINT WARNING * * *
The living spell casts itself at you. Something smites you!
* * * LOW HITPOINT WARNING * * *
As you read the scroll of fear, it crumbles to dust.
You assume a fearsome visage.
The walking divine tome is unaffected.
The rakshasa resists with almost no effort. x3
The +2 hand crossbow of venom is unaffected.
The walking divine tome is unaffected.
The +2 hand crossbow of venom shoots a bolt.
The bolt hits you but does no damage.
The rakshasa blinks!
The walking divine tome erupts in a flurry of living spells!
The rakshasa weaves an illusion.
As you read the scroll of teleportation, it crumbles to dust.
You feel strangely unstable.
The +2 hand crossbow of venom shoots a bolt.
The bolt closely misses you. The rakshasa closely misses you.
The walking divine tome erupts in a flurry of living spells! x2
The rakshasa hits you from afar with a +0 trident.
* * * LOW HITPOINT WARNING * * *
The living spell casts itself at you. Something smites you!
* * * LOW HITPOINT WARNING * * *
The living spell casts itself at you. Something smites you!
* * * LOW HITPOINT WARNING * * *
The living spell casts itself at you. Something smites you!
* * * LOW HITPOINT WARNING * * *
Blink to where?
Press: ? - help, Dir - move target
As you read the scroll of blinking, it crumbles to dust.
The +2 hand crossbow of venom shoots a bolt.
The bolt hits you!
You die...

##### ##### #
#∩.∩######
#...#...#...##
.............##
.###.....###@.##
###...#####''#
###+### #.).#
#..(# ##..###
#..... ##.§###
##..... ##.R.##
##..... ##R)(##
##...## ##...##


You could see a rakshasa and a +2 hand crossbow of venom.

Vanquished Creatures
  A juggernaut (Depths:1)
  Margery (Vaults:2)
  Bai Suzhen (Spider:3)
  Arachne (Spider:3)
  A deep elf blademaster (Elf:2)
  A titan (Depths:1)
  3 krakens
  4 sphinxes
  Agnes (Elf:1)
  Ilsuiw (Shoals:3)
  3 emperor scorpions
  2 frost giants
  5 vault wardens
  6 fire giants
  Aizul (Spider:3)
  4 imperial myrmidons (Desolation)
  A ghost moth (Spider:4)
  4 orc warlords
  14 ironbound preservers
  7 broodmothers
  10 very ugly things
  2 war gargoyles
  8 ironbound thunderhulks
  A stone giant (Depths:1)
  Nessos (Orc:2)
  A vampire knight (Depths:1)
  Azrael (D:12)
  A deep elf annihilator (Vaults:4)
  9 entropy weavers
  A deep elf demonologist (Elf:1)
  3 halazid warlocks (Desolation)
  6 dire elephants
  2 crystal guardians
  4 ettins
  The ghost of PanSaczeczos the Geomancer, a journeyman DrWr of Vehumet (Lair:2)
  5 ragged hierophants (Desolation)
  13 yaktaur captains
  3 merfolk javelineers (Shoals:4)
  10 great orbs of eyes
  9 fire dragons
  11 merfolk impalers
  6 vault guards
  2 deep elf high priests (Elf:1)
  6 boulder beetles
  A spriggan zombie (Depths:1)
  3 ice dragons
  3 rakshasas (WizLab)
  6 peacekeepers
  8 servants of whispers (Desolation)
  3 spriggan air magi (Depths:1)
  16 centaur warriors
  3 catoblepae
  3 merfolk avatars
  The ghost of funkygono the Thaumaturge, a journeyman GrFE of Vehumet (D:12)
  2 radroaches
  6 hydras
  5 two-headed ogres
  10 ironbound frosthearts
  19 dancing weapons
  3 tengu warriors
  2 alligator snapping turtles
  13 death yaks
  6 merfolk aquamancers
  3 deep troll shamans
  3 satyrs (Shoals:4)
  3 orc high priests
  2 vampire magi (Vaults:3)
  5 hell knights
  17 deep elf knights
  A titan skeleton (Depths:1)
  A golden dragon zombie (Depths:1)
  46 deep trolls
  8 sea snakes
  7 pharaoh ants
  A sun moth (Spider:4)
  A flayed ghost (Depths:1)
  6 orb spiders
  9 deep elf archers
  4 steelbarb worms
  7 wizards
  2 phantasmal warriors (Depths:1)
  13 lindwurms
  An obsidian statue (D:12)
  Pikel (D:8)
  23 harpies
  13 ironbound convokers
  8 orc knights
  17 deep elf pyromancers
  7 necromancers
  20 deep elf zephyrmancers
  A mana viper (shapeshifter) (Vaults:3)
  A frost giant zombie (Depths:1)
  6 cyclopes
  16 wolf spiders
  29 fauns
  6 orc sorcerers
  19 manticores
  26 ugly things
  2 moths of wrath
  A stone giant skeleton (Depths:1)
  5 guardian serpents (Desolation)
  12 vault sentinels
  21 elephants
  3 torpor snails
  2 ice statues (IceCv)
  3 black mambas
  13 merfolk sirens
  A molten gargoyle (Desolation)
  4 water nymphs
  2 gargoyles
  7 cane toads
  An unseen horror (D:12)
  3 komodo dragons
  3 kobold demonologists (D:11)
  A smoke demon (Volcano)
  An efreet (D:14)
  8 rime drakes
  2 tengu conjurers
  7 demonic crawlers
  20 yaktaurs
  6 trolls
  5 polar bears
  4 wind drakes
  A queen bee (D:10)
  50 saltlings (Desolation)
  Prince Ribbit (D:8)
  35 merfolk
  26 tarantellas
  A hornet (shapeshifter) (D:15)
  41 slime creatures
  5 snapping turtles
  8 blink frogs (Lair:3)
  14 dream sheep
  17 jumping spiders
  10 culicivoras
  3 shadows
  An air elemental (Elf:1)
  A centaur simulacrum (D:14)
  10 water elementals
  Sigmund (D:2)
  4 wraiths
  7 wyverns
  31 yaks
  3 fire elementals
  3 basilisks
  3 vampire mosquitoes (D:12)
  47 redbacks
  3 steam dragons (Volcano)
  14 wargs
  Edmund (D:4)
  A warg (shapeshifter) (D:12)
  An acid dragon (D:9)
  12 water moccasins
  6 hell hounds
  An ice beast (D:7)
  34 orc warriors
  A black bear (Lair:2)
  4 sky beasts
  8 ogres
  28 wolves
  2 phantoms
  10 centaurs
  2 kobold brigands
  10 bullfrogs
  3 earth elementals
  A necrophage (D:7)
  3 scorpions
  6 wights
  4 lindwurm simulacra (IceCv)
  25 killer bees (D:10)
  3 electric eels
  5 komodo dragon simulacra (IceCv)
  2 jellies (D:4)
  19 orc priests
  6 hounds
  Jessica (D:2)
  3 iguanas
  31 orc wizards
  Robin (D:3)
  7 acid dragon simulacra (IceCv)
  7 adders
  A shadow imp (D:4)
  A white imp (D:5)
  2 ufetubi (D:6)
  5 steam dragon simulacra (IceCv)
  A dart slug (D:2)
  A worm (D:2)
  90 orcs
  5 ball pythons
  7 bats
  9 endoplasms
  3 giant cockroaches
  11 goblins
  8 hobgoblins
  4 jackals
  2 frilled lizards
  19 kobolds
  4 rats
  3 tentacles
1525 creatures vanquished.

Vanquished Creatures (others)
  A deep elf archer (Elf:1)
  A deep elf zephyrmancer (Elf:2)
  A saltling (Desolation)
  A water elemental (Elf:2)
  An orc wizard (D:4)
  3 fungi
  197 plants
  10 tentacles
215 creatures vanquished.

Grand Total: 1740 creatures vanquished

Notes
Turn   | Place    | Note
-------+----------+-------------------------------------------
     0 | D:1      | Isauros the Minotaur Hunter began the quest for the Orb.
     0 | D:1      | Reached XP level 1. HP: 18/18 MP: 0/0
   210 | D:1      | Reached XP level 2. HP: 25/25 MP: 1/1
   272 | D:1      | Reached skill level 5 in Ranged Weapons
   413 | D:1      | Found a faded altar of an unknown god.
   821 | D:2      | Reached XP level 3. HP: 30/30 MP: 2/2
  1025 | D:2      | Noticed Jessica
  1028 | D:2      | Killed Jessica
  1029 | D:2      | Reached skill level 6 in Ranged Weapons
  1157 | D:2      | Noticed Sigmund
  1186 | D:2      | Killed Sigmund
  1187 | D:2      | Reached skill level 7 in Ranged Weapons
  1187 | D:2      | Reached XP level 4. HP: 37/37 MP: 3/3
  1187 | D:2      | Reached XP level 5. HP: 42/42 MP: 4/4
  1520 | D:3      | Reached skill level 8 in Ranged Weapons
  1520 | D:3      | Reached XP level 6. HP: 26/50 MP: 5/5
  1726 | D:3      | Noticed Robin
  1844 | D:3      | Found a basalt altar of Yredelemnul.
  2073 | D:3      | Killed Robin
  2352 | D:3      | Found a shimmering altar of Xom.
  2510 | D:4      | Noticed a +0 dagger
  2510 | D:4      | Found a hide-covered altar of Uskayaw.
  2512 | D:4      | Noticed a +0 hand axe
  2799 | D:4      | Noticed Edmund
  3174 | D:4      | Found Nampom's Jewellery Shoppe.
  3416 | D:4      | Reached skill level 9 in Ranged Weapons
  3416 | D:4      | Reached XP level 7. HP: 56/56 MP: 6/6
  3507 | D:4      | Found a shimmering blue altar of Sif Muna.
  3622 | D:5      | Entered Level 5 of the Dungeon
  3622 | D:5      | Found a staircase to the Ecumenical Temple.
  3631 | Temple   | Entered the Ecumenical Temple
  3851 | Temple   | Became a worshipper of the Shining One
  4446 | D:5      | Found a white marble altar of Elyvilon.
  4446 | D:5      | Found a blossoming altar of Fedhas.
  4447 | D:5      | Found a radiant altar of Vehumet.
  4707 | D:5      | Found Inwollon's Antique Weapon Emporium.
  5160 | D:6      | Reached skill level 10 in Ranged Weapons
  5753 | D:6      | Found a sparkling altar of Nemelex Xobeh.
  5802 | D:6      | Found a glowing silver altar of Zin.
  5969 | D:4      | Identified 3 scrolls of acquirement
  6207 | D:3      | Acquired a manual of Ranged Weapons
  6209 | D:3      | Acquired 723 gold pieces
  6210 | D:3      | Acquired a +2 vorpal shortbow
  6226 | D:4      | Killed Edmund
  6227 | D:4      | Reached skill level 11 in Ranged Weapons
  6227 | D:4      | Reached XP level 8. HP: 24/62 MP: 7/7
  6583 | D:7      | Reached skill level 12 in Ranged Weapons
  6760 | D:7      | Reached skill level 13 in Ranged Weapons
  6769 | D:7      | Reached skill level 14 in Ranged Weapons
  6953 | D:7      | Reached * piety under the Shining One
  6983 | D:7      | Reached skill level 15 in Ranged Weapons
  7096 | D:7      | Reached XP level 9. HP: 62/68 MP: 8/8
  7144 | D:7      | Reached skill level 16 in Ranged Weapons
  7308 | D:7      | Noticed a komodo dragon
  7308 | D:7      | Noticed a five-headed hydra
  7371 | D:7      | Found Mokkuaz's Antique Weapon Shop.
  7417 | D:7      | Reached skill level 1 in Stealth
  7526 | D:7      | Reached skill level 1 in Armour
  7587 | D:7      | Reached skill level 1 in Invocations
  7751 | D:7      | Noticed a gargoyle
  7763 | D:7      | Killed a gargoyle
  7793 | D:7      | Found Utwot's Weapon Shop.
  7795 | D:7      | Found Fuedode's Jewellery Shop.
  7795 | D:7      | Found Ysareh's Antique Armour Shop.
  7810 | D:7      | Bought an embroidered hat for 224 gold pieces
  7896 | D:4      | Bought a +6 ring of dexterity for 468 gold pieces
  8654 | D:8      | Noticed Prince Ribbit
  8663 | D:8      | Killed Prince Ribbit
  8773 | D:8      | Noticed Pikel
  8794 | D:8      | Killed Pikel
  8795 | D:8      | Reached XP level 10. HP: 80/80 MP: 9/11
  8870 | D:8      | Found an opulent altar of Gozag.
  8959 | D:8      | Found Utepn's Gadget Gallery.
  9148 | D:7      | Noticed a five-headed hydra
  9151 | D:7      | Killed a five-headed hydra
  9152 | D:7      | Noticed a cyclops
  9159 | D:7      | Killed a cyclops
  9160 | D:7      | Reached skill level 5 in Fighting
  9160 | D:7      | Reached skill level 17 in Ranged Weapons
  9328 | D:7      | Identified the +11 longbow of Utwannus {speed, Contam rPois
                  | Int+4 Dex+4}
  9330 | D:7      | Got the Octavo of Poisoning and Apparitions
  9334 | D:7      | Identified the +2 helmet of Leapfrog {MP+9}
  9416 | D:7      | Killed a five-headed hydra
  9499 | D:9      | Reached skill level 18 in Ranged Weapons
  9548 | D:9      | Found a staircase to the Lair.
  9789 | D:9      | Reached ** piety under the Shining One
 10105 | D:9      | Found a snail-covered altar of Cheibriados.
 10782 | D:10     | Entered Level 10 of the Dungeon
 10931 | D:10     | Reached XP level 11. HP: 88/88 MP: 12/12
 10955 | D:10     | Reached skill level 19 in Ranged Weapons
 10964 | D:10     | Found a staircase to the Orcish Mines.
 11344 | D:10     | Identified the +1 plate armour "Hipetiwe" {+Blink +Inv
                  | rElec Dex-4}
 11574 | D:11     | Reached skill level 20 in Ranged Weapons
 11759 | D:11     | Identified the +2 dagger "Apsec" {vamp, rElec rPois Str+4}
 11936 | D:11     | Noticed a boulder beetle
 12046 | D:11     | Killed a boulder beetle
 12800 | Lair:1   | Entered Level 1 of the Lair of Beasts
 12806 | Lair:1   | Reached *** piety under the Shining One
 12808 | Lair:1   | Reached skill level 21 in Ranged Weapons
 12871 | Lair:1   | Found a frozen archway.
 12886 | IceCv    | Entered an ice cave
 12981 | IceCv    | Reached XP level 12. HP: 59/94 MP: 13/13
 13437 | IceCv    | Reached **** piety under the Shining One
 13459 | IceCv    | Noticed an ice dragon
 13502 | IceCv    | The Shining One protects you from harm!
 13511 | IceCv    | HP: 3/94 [ice dragon/blast of cold (27)]
 13513 | IceCv    | The Shining One protects you from harm!
 13844 | IceCv    | Identified the +10 trident of Insufficient Pleasure {spect,
                  | Drain rPois rF+ Dex+4}
 13929 | IceCv    | Killed an ice dragon
 14293 | Lair:1   | Found the +4 skin of Zhor {*Englaciate rC+++ SInv}
 14778 | Lair:1   | Reached skill level 22 in Ranged Weapons
 15078 | Lair:2   | Reached skill level 5 in Dodging
 15109 | Lair:2   | Found a transporter.
 15171 | Lair:2   | Reached skill level 5 in Armour
 15180 | Lair:2   | Found a staircase to the Shoals.
 15356 | Lair:2   | Found a hole to the Spider Nest.
 15369 | Lair:2   | Noticed a death yak
 15370 | Lair:2   | Noticed a death yak
 15395 | Lair:2   | Noticed a death yak
 15397 | Lair:2   | Killed a death yak
 15403 | Lair:2   | Killed a death yak
 15411 | Lair:2   | Killed a death yak
 15412 | Lair:2   | Reached skill level 5 in Invocations
 15783 | Lair:2   | Found a runed translucent gate.
 15784 | Lair:2   | Found a runed translucent gate.
 15784 | Lair:2   | Found a runed translucent gate.
 15786 | Lair:2   | Noticed PanSaczeczos's ghost (journeyman DrWr)
 16205 | Lair:3   | Identified the +1 falchion "Adwoshra" {freeze, rElec rC+
                  | Will+ MP+9}
 16284 | Lair:3   | Noticed a catoblepas
 16284 | Lair:3   | Noticed an eight-headed hydra
 16284 | Lair:3   | Noticed a death yak
 16314 | Lair:3   | Reached XP level 13. HP: 104/104 MP: 16/16
 16339 | Lair:3   | Reached ***** piety under the Shining One
 16356 | Lair:3   | Reached skill level 5 in Stealth
 17850 | Lair:5   | Entered Level 5 of the Lair of Beasts
 18225 | Lair:5   | Reached XP level 14. HP: 116/116 MP: 18/18
 18413 | Lair:5   | Found a dark tunnel.
 18420 | Volcano  | Entered a volcano
 19071 | Lair:5   | Found a viscous altar of Jiyva.
 19071 | Lair:5   | Found a staircase to the Slime Pits.
 19169 | Lair:5   | Reached ****** piety under the Shining One
 19531 | Lair:5   | Identified the ring "Ogga" {Contam rPois Will+ rCorr Dex+6}
 19702 | Lair:2   | Found a transporter.
 19801 | Orc:1    | Entered Level 1 of the Orcish Mines
 19892 | Orc:1    | Noticed an orc warlord
 19957 | Orc:1    | Killed an orc warlord
 20159 | Orc:1    | Reached skill level 23 in Ranged Weapons
 20373 | Orc:1    | Reached skill level 10 in Fighting
 20813 | D:12     | You fall into a shaft and drop 1 floor!
 21124 | D:12     | Noticed Azrael
 21138 | D:12     | Killed Azrael
 21171 | D:12     | Found a runed translucent gate.
 21171 | D:12     | Found a runed translucent gate.
 21173 | D:12     | Found a runed translucent gate.
 21174 | D:12     | Found an opulent altar of Gozag.
 21176 | D:12     | Noticed a fire giant
 21177 | D:12     | Found Azoacurch's Assorted Antiques.
 21177 | D:12     | Noticed funkygono's ghost (journeyman GrFE)
 21469 | Lair:2   | Killed PanSaczeczos's ghost
 21682 | D:13     | Reached skill level 10 in Armour
 22342 | D:14     | Reached XP level 15. HP: 128/128 MP: 20/20
 22665 | D:14     | Found a gate to the Vaults.
 23139 | Orc:2    | Entered Level 2 of the Orcish Mines
 23171 | Orc:2    | Reached skill level 10 in Dodging
 23199 | Orc:2    | Noticed an orc warlord
 23214 | Orc:2    | Killed an orc warlord
 23232 | Orc:2    | Found Anwotz's Jewellery Boutique.
 23288 | Orc:2    | Found Olalurr's Antique Armour Boutique.
 23294 | Orc:2    | Found Itoap's Antique Weapon Boutique.
 23319 | Orc:2    | Bought a pair of runed boots for 225 gold pieces
 23319 | Orc:2    | Bought a pair of embroidered gloves for 225 gold pieces
 23417 | Orc:2    | Found Zyuc's Jewellery Boutique.
 23481 | Orc:2    | Found Tios's General Store.
 23487 | Orc:2    | Bought a scroll of fog for 44 gold pieces
 23487 | Orc:2    | Bought a scroll of immolation for 44 gold pieces
 23487 | Orc:2    | Bought a scroll of magic mapping for 82 gold pieces
 23765 | Orc:2    | Noticed Nessos
 23771 | Orc:2    | Killed Nessos
 24061 | Orc:2    | Found a burning altar of Makhleb.
 24123 | Orc:2    | Found a staircase to the Elven Halls.
 24465 | D:12     | Killed a fire giant
 24471 | D:12     | Killed funkygono's ghost
 24625 | D:12     | Bought a scroll of silence for 323 gold pieces
 24625 | D:12     | Bought a scroll of fear for 136 gold pieces
 24625 | D:12     | Bought a scroll of fear for 136 gold pieces
 24625 | D:12     | Bought a potion of curing for 102 gold pieces
 24683 | D:15     | Entered Level 15 of the Dungeon
 25318 | D:15     | Found a staircase to the Depths.
 25695 | D:15     | Found a sacrificial altar of Ru.
 25937 | Spider:1 | Entered Level 1 of the Spider Nest
 26307 | Spider:1 | Reached XP level 16. HP: 139/139 MP: 22/22
 26761 | Spider:2 | Reached skill level 10 in Invocations
 27617 | Spider:3 | Noticed Aizul
 27631 | Spider:3 | Killed Aizul
 27814 | Spider:3 | Identified the +0 scale mail of Slovenliness {Regen+ MP+9}
 27921 | Spider:3 | Noticed Arachne
 28079 | Spider:3 | Killed Arachne
 28280 | Spider:3 | Noticed Bai Suzhen
 28298 | Spider:3 | Killed Bai Suzhen
 29156 | Shoals:1 | Entered Level 1 of the Shoals
 29728 | Shoals:1 | Reached skill level 24 in Ranged Weapons
 29799 | Shoals:1 | Noticed a kraken
 29830 | Shoals:1 | Killed a kraken
 30121 | Shoals:1 | Noticed a kraken
 30139 | Shoals:1 | Killed a kraken
 30140 | Shoals:1 | Reached skill level 10 in Stealth
 30513 | Shoals:2 | Reached XP level 17. HP: 148/149 MP: 24/24
 30815 | Shoals:2 | Identified the +0 leather armour of Inevitability {rN+
                  | Will+ Regen+}
 31573 | Shoals:3 | Noticed Ilsuiw
 31587 | Shoals:3 | Killed Ilsuiw
 32281 | Spider:4 | Entered Level 4 of the Spider Nest
 33366 | Spider:4 | Identified the -2 hat of a Million Shrikes {Will++}
 33369 | Spider:4 | Got a gossamer rune of Zot
 33376 | Spider:4 | Identified the +1 pair of boots of Conwet {Int+3}
 33765 | Shoals:4 | Entered Level 4 of the Shoals
 33991 | Shoals:4 | Reached XP level 18. HP: 140/160 MP: 26/26
 34364 | Shoals:4 | Found the +3 giant club "Skullcrusher" {speed, Str+7}
 34402 | Shoals:4 | Found Qonliqeu's General Store.
 34413 | Shoals:4 | Bought a scroll of teleportation for 42 gold pieces
 34655 | Shoals:4 | Got a barnacled rune of Zot
 34773 | Shoals:4 | Identified the +2 rapier "Vighev" {drain, Dex+3}
 35097 | Vaults:1 | Entered Level 1 of the Vaults
 36185 | Vaults:1 | Reached skill level 15 in Fighting
 36499 | Vaults:1 | Found the ring of the Mage {Wiz Archmagi}
 36499 | Vaults:1 | You are sucked into a shaft and drop 1 floor!
 36528 | Vaults:2 | Reached skill level 15 in Armour
 36650 | Vaults:2 | Found Kulebrymot's Antique Armour Emporium.
 36808 | Vaults:1 | Reached skill level 25 in Ranged Weapons
 36812 | Vaults:1 | Paralysed by a great orb of eyes for 2 turns
 37204 | Vaults:1 | Found a portal to a secret trove of treasure.
 37433 | Vaults:2 | Noticed Margery
 37497 | Vaults:2 | Reached XP level 19. HP: 168/170 MP: 27/27
 37521 | Vaults:2 | Killed Margery
 38107 | Vaults:2 | Found Yvyrhag's Armour Shop.
 38252 | Vaults:2 | Found Ebuapsun's Antique Weapon Boutique.
 38291 | Vaults:2 | Found Cucotexe's General Store.
 38330 | Vaults:2 | Bought 3 scrolls of teleportation for 198 gold pieces
 38330 | Vaults:2 | Bought a scroll of silence for 209 gold pieces
 38330 | Vaults:2 | Bought a potion of resistance for 220 gold pieces
 38632 | Vaults:2 | Bought a shimmering scale mail for 225 gold pieces
 38632 | Vaults:2 | Identified the +2 scale mail of Kufyof {Rampage} (You
                  | bought it in a shop on level 2 of the Vaults)
 39758 | Vaults:3 | Found a staircase to the Crypt.
 39851 | Vaults:3 | Reached skill level 15 in Dodging
 40049 | Vaults:3 | Paralysed by a great orb of eyes for 5 turns
 40274 | Vaults:3 | Found Siachuhas's Armour Shoppe.
 41306 | Vaults:4 | Reached XP level 20. HP: 182/182 MP: 29/29
 41440 | Vaults:4 | Found Feeb's Distillery.
 41445 | Vaults:4 | Bought a potion of attraction for 33 gold pieces
 41445 | Vaults:4 | Bought a potion of attraction for 33 gold pieces
 41445 | Vaults:4 | Bought a potion of curing for 33 gold pieces
 41445 | Vaults:4 | Bought a potion of flight for 33 gold pieces
 41445 | Vaults:4 | Bought 2 potions of lignification for 66 gold pieces
 43005 | Elf:1    | Entered Level 1 of the Elven Halls
 43285 | Elf:1    | Identified the +5 trident "Uxor" {vorpal, Will+ Str+3}
 44195 | Elf:1    | Found Deqad's Antique Weapon Emporium.
 44197 | Elf:1    | Found Suumm's Jewellery Shoppe.
 44198 | Elf:1    | Found Hoethima's General Store.
 44200 | Elf:1    | Found Labet's Distillery.
 44200 | Elf:1    | Found Ziozog's Weapon Emporium.
 44211 | Elf:1    | Bought a potion of resistance for 160 gold pieces
 44211 | Elf:1    | Bought a potion of curing for 48 gold pieces
 44211 | Elf:1    | Bought a potion of curing for 48 gold pieces
 44211 | Elf:1    | Bought a potion of curing for 48 gold pieces
 44211 | Elf:1    | Bought a potion of mutation for 128 gold pieces
 44211 | Elf:1    | Bought 2 potions of attraction for 96 gold pieces
 44218 | Elf:1    | Bought the amulet of Nire {Faith rN++} for 920 gold pieces
 44405 | Elf:1    | Found a runed translucent gate.
 44405 | Elf:1    | Found a runed translucent gate.
 44405 | Elf:1    | Found a runed translucent gate.
 44405 | Elf:1    | Found a runed translucent gate.
 44405 | Elf:1    | Found a runed translucent gate.
 44408 | Elf:1    | Found a runed translucent gate.
 44562 | Elf:1    | Paralysed by an air elemental for 1 turns
 44726 | Elf:2    | Noticed Agnes
 44739 | Elf:1    | Killed Agnes
 45237 | Elf:2    | Found a crumbling gateway.
 45242 | Desolati | Entered the Desolation of Salt
 45828 | Desolati | Identified the ring "Osaecam" {*Slow Int+2 Dex+5 Slay+4
                  | SInv}
 45852 | Desolati | Identified the ring "Vadghaa" {rC+ Dex+3}
 46002 | Desolati | Got the Directory of Stormy Ignition
 46006 | Desolati | Identified the +8 hand axe of Kocrack {vorpal, rElec Str+7
                  | Dex-5 Stlth+}
 46190 | Desolati | Reached skill level 26 in Ranged Weapons
 46332 | Desolati | Reached XP level 21. HP: 130/192 MP: 31/31
 46694 | Elf:2    | Identified the +0 helmet of Gej Fog {Will++ Str-3}
 46857 | Elf:2    | Reached skill level 15 in Invocations
 46863 | Elf:2    | Found a runed translucent gate.
 46863 | Elf:2    | Found a runed translucent gate.
 46867 | Elf:2    | Found a runed translucent gate.
 47791 | Depths:1 | Entered Level 1 of the Depths
 48291 | Depths:1 | Found a broken altar of Ashenzari.
 48830 | Depths:1 | Found a gateway to Hell.
 48847 | Depths:1 | Noticed a juggernaut
 48862 | Depths:1 | Killed a juggernaut
 48988 | Depths:1 | Identified the +12 battleaxe of the Summoning Gods {freeze,
                  | rElec rF+ Str+6 Stlth-}
 49505 | Depths:2 | Found a magical portal.
 49599 | WizLab   | Entered Tukima's Studio
 49754 | WizLab   | HP: 4/194 [living spell/divine providence[a walking divine
                  | tome] (14)]
 49755 | WizLab   | Shot with a bolt by a +2 hand crossbow of venom

Illustrated notes

Levels and vault maps discovered:
D:1:      minmay_arrival_plants_in_alcoves, layout_loops_ring,
          dreamdust_ecumenical_altar_angels_and_demons
D:2:      layout_rooms, uniq_jessica, uniq_sigmund
D:3:      layout_basic, nicolae_overflow_hidden_temple,
          nicolae_overflow_crystal_walls, uniq_robin
D:4:      layout_cave_pools, led_sif_book, dancing_weapons_uskayaw,
          serial_shops, nicolae_diamond_shop, minmay_misc_feat_more_columns,
          uniq_edmund
D:5:      layout_gridville, minitemple, minmay_temple_entry_purple_smoke,
          nicolae_inconvenience_store
D:6:      layout_loops_ring, marbit_many_paths, zin_statuary,
          hangedman_decor_growths
D:7:      minmay_the_grid_square_5x5_3x3 [minmay_the_grid_square_5x5_corner,
          minmay_the_grid_square_5x5_inverted_slash,
          minmay_the_grid_square_5x5_two,
          minmay_the_grid_square_5x5_fancy_junction,
          minmay_the_grid_square_5x5_megaprize_crossed,
          minmay_the_grid_square_5x5_inner_v,
          minmay_the_grid_square_5x5_tri_point,
          minmay_the_grid_square_5x5_half_checkered,
          minmay_the_grid_square_5x5_inner_i], layout_basic,
          minmay_shop_grid_forest
D:8:      layout_rooms, grunt_gozag_breadcrumbs, nicolae_shop_gadgets,
          uniq_prince_ribbit1, uniq_pikel
D:9:      layout_layer_cave, mainiacjoe_overflow_paths,
          erik_lair_orcish_takeover
D:10:     layout_rooms, minmay_orc_entry_guard_dogs, special_room
          [special_room_bee]
D:11:     layout_loops_corners
D:12:     layout_rooms, ebering_ghost_gozag, uniq_azrael
D:13:     layout_gridville
D:14:     layout_rooms, david_vaults_1
D:15:     grunt_enter_depths_hoard, layout_basic,
          nicolae_ru_the_path_less_chosen
Temple:   minmay_temple_curvy_loop
Lair:1:   layout_regular_city, portal_ice_cave_entry_pillars_2,
          hellmonk_guarded_unrand_zhor
Lair:2:   gammafunk_boulding_lane, layout_long_grid, elwin_shoals_entry_stream,
          spider_nest_entry_webs, ebering_ghost_rock_garden, fungi_pond_lemuel,
          lemuel_fruit_tree, infiniplex_staircase_pool_2
Lair:3:   layout_gridlike, minivault_26, minmay_shattered_shrine
Lair:4:   layout_cave_pods
Lair:5:   grunt_lair_end_beastmaster, layout_misc_corridors,
          dpeg_slime_entry_enclosed, nicolae_volcano_entry_hallway,
          chequers_serial_rivers_small_a, serial_bayou_pond_e,
          infiniplex_staircase_pool, grunt_megastairs_5, serial_bayou_shore_a,
          serial_bayou_shore_b, lemuel_fruit_fields
Shoals:1: layout_shoals, nicolae_shoals_water_booths
Shoals:2: layout_shoals
Shoals:3: layout_shoals, uniq_ilsuiw
Shoals:4: shoals_end_grunt_garden, layout_shoals, serial_shops, shop,
          nicolae_shoals_stone_sculpture_thing
Spider:1: layout_cave_pods, hangedman_spider_tarantella_strand
Spider:2: layout_cave_pods
Spider:3: layout_spider_delve, uniq_aizul, uniq_bai_suzhen, uniq_arachne
Spider:4: hellmonk_spider_rune_endless_swarm
Orc:1:    cheibrodos_orc_guarddog, layout_diamond_mine
Orc:2:    grunt_orc_cross, layout_caves, basic_altar, serial_shops, shop_statue,
          mines1_david, uniq_nessos
Elf:1:    eino_elf_arrival_shootout, layout_loops_corners, orc_legates,
          hellmonk_bongcloud_opening, nicolae_wooded_promenade, minivault_19
Elf:2:    elven_hall_of_blades_hangedman_original
          [nicolae_blade_entry_pointy_end], layout_rooms,
          portal_desolation_entry_ruin, uniq_agnes
Vaults:1: v_pattern_2, v_alt_pattern_2, v_misc_16, vaults_mumra_minichess,
          st_smaller_cells, v_misc_33, nicolae_vaults_little_squares_5,
          vaults_room_boxed, vaults_dpeg_encased_lava, layout_vaults_omnigrid,
          enter_trove_3
Vaults:2: vaults_room_door_hall, v_pattern_1, hangedman_vaults_capsules,
          ontoclasm_vaults_eye, vaults_room_pools, vaults_room_fours,
          ontoclasm_vaults_gateway, vaults_dpeg_emergency_exit,
          layout_vaults_chaotic_city, serial_shops, shop, nicolae_diamond_shop,
          nicolae_lakefront_shop, nicolae_shop_statue_plus, uniq_margery
Vaults:3: hangedman_vaults_slither, minmay_crypt_entry_simple_statues,
          v_misc_11, hangedman_vaults_trim, nicolae_vaults_display_case,
          v_alt_pattern_5, vaults_room_semicircle,
          hangedman_vaults_stretched_pinwheel, v_alt_pattern_2,
          grunt_vaults_swirl, v_misc_22, nicolae_vaults_little_squares_6,
          ontoclasm_vaults_decontamination, layout_vaults_omnicross,
          serial_shops, nicolae_shop_temple_entry_statues_fountains
Vaults:4: nicolae_vaults_shelves_hall, v_misc_32,
          nicolae_vaults_mini_display_case, st_squares, v_rooms_6, v_misc_23,
          vaults_dpeg_hooks, nicolae_vaults_back_hallway, v_misc_28,
          grunt_vaults_bifocal, nicolae_vaults_big_ls, vaults_room_pool,
          nicolae_vaults_little_squares_2, layout_vaults_maze, serial_shops,
          shop
Depths:1: minmay_strange_plus, layout_gridlike, hell_entry,
          minmay_misc_feat_pillars, cheibrodos_ashenzari_chains,
          nicolae_triple_integral, serial_bayou_shore_b
Depths:2: impenetrable_vault, layout_honeycomb, enter_ziggurat_c, hellmouth_3,
          rand_demon_pan_entry_5, mu_enter_wizlab_4, grunt_decor_fettered,
          nzn_life_drinkers, uniq_josephina
WizLab:   wizlab_tukima

Skill      XL: |  1  2  3  4  5  6  7  8  9 10 11 12 13 14 15 16 17 18 19 20 21 |
---------------+----------------------------------------------------------------+-----
Ranged Weapons | 5 7 8 9 11 15 16 18 21 22 23 24 25 26 | 26.3
Stealth        | 2 3 4 6 7 9 10 11 12 13 14 | 14.2
Armour         | 3 4 6 8 10 11 12 14 15 16 17 | 17.9
Invocations    | 3 5 7 8 9 11 12 13 14 15 | 15.4
Fighting       | 4 5 6 8 10 11 13 14 15 16 17 18 | 18.0
Dodging        | 4 6 8 9 11 12 13 14 15 16 | 16.7

Action                   |  1- 3 |  4- 6 |  7- 9 | 10-12 | 13-15 | 16-18 | 19-21 || total
-------------------------+-------+-------+-------+-------+-------+-------+-------++-------
Melee: Longbow           |       |       |       |       |       |     1 |       ||     1
       Headbutt          |       |       |       |       |       |     1 |       ||     1
 Fire: Shortbow          |    91 |   163 |   311 |     1 |       |       |       ||   566
       Longbow           |       |       |       |   458 |  1126 |  1501 |   647 ||  3732
       Arbalest          |       |       |       |    20 |       |       |       ||    20
       Hand crossbow     |       |       |       |       |       |       |   681 ||   681
Throw: Throwing net      |     1 |       |       |       |       |     1 |     1 ||     3
       Dart              |       |       |       |       |       |     3 |       ||     3
Evoke: Wand              |       |       |     5 |     4 |       |       |       ||     9
  Use: Scroll            |       |       |    12 |    13 |     7 |     4 |    15 ||    51
       Potion            |       |       |       |     2 |     5 |     3 |    11 ||    21
Armor: Leather armour    |     4 |    16 |       |       |       |       |       ||    20
       Scale mail        |       |     2 |    33 |    19 |       |       |       ||    54
       Ice dragon scales |       |       |       |    11 |    65 |     6 |    12 ||    94
       Robe              |       |       |       |       |     3 |       |       ||     3
       Animal skin       |       |       |       |       |       |    38 |     2 ||    40
       Fire dragon scale |       |       |       |       |       |     1 |   136 ||   137
Dodge: Dodged            |    15 |    41 |    74 |    66 |   120 |   292 |   519 ||  1127
